TOP OF THE 1ST |
Louisiana State Tigers batting - Pitching for Utah Utes : RHP Ed Cravens
|
Pitching: RHP Ed Cravens
|
|
Batting: RHB Fernando Rodríguez
|
0-0: SINGLE (Line Drive, 4D)
|
Batting: RHB Devin Taylor
|
0-0: Ball 1-0: Fly out, F9 (Flyball, 9)
|
Batting: LHB Jerry Flatt
|
0-0: Called Strike 0-1: Ball 1-1: Ball 2-1: Foul Ball, location: 2F 2-2: Ball 3-2: Fly out, F9 (Flyball, 9D)
|
Batting: LHB Enrique Carrillo
|
0-0: Called Strike 0-1: Fly out, F9 (Flyball, 89M)
|
Top of the 1st over - 0 runs, 1 hit, 0 errors, 1 left on base; Louisiana State 0 - Utah 0 |
BOTTOM OF THE 1ST |
Utah Utes batting - Pitching for Louisiana State Tigers : RHP Jed Wilson
|
Pitching: RHP Jed Wilson
|
|
Batting: RHB Leo Snyder
|
0-0: Ball 1-0: Ball 2-0: Ball 3-0: Base on Balls
|
Batting: RHB Dustin Márquez
|
0-0: Called Strike Leo Snyder steals 2nd base 0-1: Called Strike 0-2: Fly out, F4 (Flyball, 4MD)
|
Batting: LHB Mark Roberts
|
0-0: Ball 1-0: Fly out, F7 (Flyball, 78D)
|
Batting: RHB Walt Miller
|
0-0: Ball 1-0: SINGLE (Line Drive, 6D) Leo Snyder to third Runner from 3rd tries for Home, SAFE, no throw
|
Batting: LHB Lorenzo Romo
|
0-0: Ball 1-0: Ball 2-0: SINGLE (Groundball, 4MD) Walt Miller to second Runner from 2nd tries for 3rd, OUT!
|
Bottom of the 1st over - 1 run, 2 hits, 0 errors, 1 left on base; Louisiana State 0 - Utah 1 |
TOP OF THE 2ND |
Louisiana State Tigers batting - Pitching for Utah Utes : RHP Ed Cravens
|
Batting: RHB Jonathan Bennett
|
0-0: Called Strike 0-1: Ball 1-1: Ball 2-1: Swinging Strike 2-2: Foul Ball, location: 2F 2-2: Ball 3-2: Foul Ball, location: 2F 3-2: Foul Ball, location: 2F 3-2: Ground out 5-3 (Groundball, 5)
|
Batting: LHB Rick Owens
|
0-0: Ball 1-0: Called Strike 1-1: Swinging Strike 1-2: SINGLE (Line Drive, 8RS)
|
Batting: LHB Mark Potter
|
0-0: Swinging Strike 0-1: Foul Ball, location: 2F 0-2: Ball 1-2: Strikes out looking
|
Batting: LHB José Soriano
|
0-0: Called Strike 0-1: Called Strike Rick Owens is caught stealing 2nd base
|
Top of the 2nd over - 0 runs, 1 hit, 0 errors, 0 left on base; Louisiana State 0 - Utah 1 |
BOTTOM OF THE 2ND |
Utah Utes batting - Pitching for Louisiana State Tigers : RHP Jed Wilson
|
Batting: RHB Will MacDonald
|
0-0: Ball 1-0: Called Strike 1-1: Ball 2-1: Ball 3-1: Ground out 5-3 (Groundball, 56)
|
Batting: RHB J.R. Nelson
|
0-0: Ground out 4-3 (Groundball, 4MD)
|
Batting: RHB Leonardo Salazar
|
0-0: Ground out 6-3 (Groundball, 6)
|
Bottom of the 2nd over - 0 runs, 0 hits, 0 errors, 0 left on base; Louisiana State 0 - Utah 1 |
TOP OF THE 3RD |
Louisiana State Tigers batting - Pitching for Utah Utes : RHP Ed Cravens
|
Batting: LHB José Soriano
|
0-0: Called Strike 0-1: Ball 1-1: Foul Ball, location: 2F 1-2: Ball 2-2: Foul Ball, location: 2F 2-2: Strikes out looking
|
Batting: RHB Ethan Ramos
|
0-0: Ground out 4-3 (Groundball, 4)
|
Batting: RHB Fernando Rodríguez
|
0-0: Ball 1-0: Foul Ball, location: 2F 1-1: Ball 2-1: Foul Ball, location: 2F 2-2: Foul Ball, location: 2F 2-2: DOUBLE (Line Drive, 7LM)
|
Batting: RHB Devin Taylor
|
0-0: Ball 1-0: Called Strike 1-1: Ball 2-1: Ball 3-1: Base on Balls
|
Batting: LHB Jerry Flatt
|
0-0: Called Strike 0-1: Swinging Strike 0-2: Ball 1-2: Strikes out swinging
|
Top of the 3rd over - 0 runs, 1 hit, 0 errors, 2 left on base; Louisiana State 0 - Utah 1 |
BOTTOM OF THE 3RD |
Utah Utes batting - Pitching for Louisiana State Tigers : RHP Jed Wilson
|
Batting: RHB Jesús Bermúdez
|
0-0: Ball 1-0: Foul Ball, location: 2F 1-1: Ball 2-1: Ball 3-1: Called Strike 3-2: Base on Balls
|
Batting: RHB Leo Snyder
|
0-0: Ball 1-0: Ball 2-0: Called Strike 2-1: Fly out, F7 (Flyball, 78D)
|
Batting: RHB Dustin Márquez
|
0-0: Ball 1-0: Foul Ball, location: 2F 1-1: Ball 2-1: Ball 3-1: Called Strike 3-2: SINGLE (Groundball, 56) (infield hit) Jesús Bermúdez to second
|
Batting: LHB Mark Roberts
|
0-0: Ball 1-0: Ball 2-0: Fielders Choice at 2nd, 6-4 (Groundball, 6) Jesús Bermúdez to third
|
Batting: RHB Walt Miller
|
0-0: Swinging Strike 0-1: Ball 1-1: Foul Ball, location: 2F 1-2: SINGLE (Line Drive, 56D) Jesús Bermúdez scores Mark Roberts to second
|
Batting: LHB Lorenzo Romo
|
0-0: Swinging Strike 0-1: Swinging Strike 0-2: Ball 1-2: Ball 2-2: Foul Ball, location: 2F 2-2: Foul Ball, location: 2F 2-2: Ball 3-2: Strikes out swinging
|
Bottom of the 3rd over - 1 run, 2 hits, 0 errors, 2 left on base; Louisiana State 0 - Utah 2 |
TOP OF THE 4TH |
Louisiana State Tigers batting - Pitching for Utah Utes : RHP Ed Cravens
|
Batting: LHB Enrique Carrillo
|
0-0: Called Strike 0-1: Ball 1-1: Ball 2-1: Foul Ball, location: 2F 2-2: Strikes out swinging
|
Batting: RHB Jonathan Bennett
|
0-0: Ball 1-0: Fly out, F2 (Popup, 23F)
|
Batting: LHB Rick Owens
|
0-0: Called Strike 0-1: Swinging Strike 0-2: SINGLE (Groundball, 15S) (infield hit)
|
Batting: LHB Mark Potter
|
0-0: Ball 1-0: Ball 2-0: Ball 3-0: Called Strike 3-1: Base on Balls Rick Owens to second
|
Batting: LHB José Soriano
|
0-0: Ball 1-0: Foul Ball, location: 2F 1-1: Foul Ball, location: 2F 1-2: Ball 2-2: Ball 3-2: DOUBLE (Flyball, 7LD) Rick Owens scores Mark Potter to third Mark Potter scores
|
Batting: RHB Ethan Ramos
|
0-0: Swinging Strike 0-1: Ball 1-1: Foul Ball, location: 2F 1-2: Strikes out swinging
|
Top of the 4th over - 2 runs, 2 hits, 0 errors, 1 left on base; Louisiana State 2 - Utah 2 |
BOTTOM OF THE 4TH |
Utah Utes batting - Pitching for Louisiana State Tigers : RHP Jed Wilson
|
Batting: RHB Will MacDonald
|
0-0: Ground out 6-3 (Groundball, 6)
|
Batting: RHB J.R. Nelson
|
0-0: Ball 1-0: Ball 2-0: Ball 3-0: Base on Balls
|
Batting: RHB Leonardo Salazar
|
0-0: Ball 1-0: Called Strike 1-1: Foul Ball, location: 2F 1-2: Grounds into double play, 4-6-3 (Groundball, 4)
|
Bottom of the 4th over - 0 runs, 0 hits, 0 errors, 0 left on base; Louisiana State 2 - Utah 2 |
TOP OF THE 5TH |
Louisiana State Tigers batting - Pitching for Utah Utes : RHP Ed Cravens
|
Batting: RHB Fernando Rodríguez
|
0-0: Called Strike 0-1: Ground out 3-1 (Groundball, 34)
|
Batting: RHB Devin Taylor
|
0-0: Ground out 5-3 (Groundball, 56)
|
Batting: LHB Jerry Flatt
|
0-0: Ball 1-0: Fly out, F7 (Flyball, 78D)
|
Top of the 5th over - 0 runs, 0 hits, 0 errors, 0 left on base; Louisiana State 2 - Utah 2 |
BOTTOM OF THE 5TH |
Utah Utes batting - Pitching for Louisiana State Tigers : RHP Jed Wilson
|
Batting: RHB Jesús Bermúdez
|
0-0: Ball 1-0: Ball 2-0: Ball 3-0: Foul Ball, location: 2F 3-1: Base on Balls
|
Batting: RHB Leo Snyder
|
0-0: Called Strike Jesús Bermúdez steals 2nd base 0-1: Ball 1-1: Intentional Walk
|
Batting: RHB Dustin Márquez
|
0-0: Foul Ball, location: 2F 0-1: Grounds into double play, 6-4-3 (Groundball, 6) Jesús Bermúdez to third
|
Batting: LHB Mark Roberts
|
0-0: Called Strike 0-1: TRIPLE (Line Drive, 89XD) Jesús Bermúdez scores
|
Batting: RHB Walt Miller
|
0-0: Called Strike 0-1: Ball 1-1: Ball 2-1: Foul Ball, location: 2F 2-2: Foul Ball, location: 2F 2-2: Strikes out looking
|
Bottom of the 5th over - 1 run, 1 hit, 0 errors, 1 left on base; Louisiana State 2 - Utah 3 |
TOP OF THE 6TH |
Louisiana State Tigers batting - Pitching for Utah Utes : RHP Ed Cravens
|
Pitching: RHP Stanley Benson
|
|
Batting: LHB Enrique Carrillo
|
0-0: Ball 1-0: Swinging Strike 1-1: Ball 2-1: Ball 3-1: Fly out, F8 (Flyball, 8RS)
|
Batting: RHB Jonathan Bennett
|
0-0: Foul Ball, location: 2F 0-1: Ball 1-1: Called Strike 1-2: Foul Ball, location: 2F 1-2: Ball 2-2: SOLO HOME RUN (Flyball, 78XD), Distance : 438 ft
|
Batting: LHB Rick Owens
|
0-0: Ball 1-0: Ball 2-0: Called Strike 2-1: Ball 3-1: Called Strike 3-2: Base on Balls
|
Batting: LHB Mark Potter
|
0-0: Swinging Strike 0-1: Ball 1-1: Ball 2-1: Swinging Strike 2-2: Fly out, F8 (Flyball, 8LXD)
|
Batting: LHB José Soriano
|
0-0: Swinging Strike 0-1: Ball 1-1: Foul Ball, location: 2F 1-2: Strikes out swinging
|
Top of the 6th over - 1 run, 1 hit, 0 errors, 1 left on base; Louisiana State 3 - Utah 3 |
BOTTOM OF THE 6TH |
Utah Utes batting - Pitching for Louisiana State Tigers : RHP Jed Wilson
|
Batting: LHB Lorenzo Romo
|
0-0: Swinging Strike 0-1: Swinging Strike 0-2: Ball 1-2: Ball 2-2: Foul Ball, location: 2F 2-2: Foul Ball, location: 2F 2-2: Ball 3-2: Strikes out swinging
|
Pitching: RHP Will Shelley
|
|
Batting: RHB Will MacDonald
|
0-0: Ball 1-0: Fly out, F6 (Popup, 56)
|
Batting: RHB J.R. Nelson
|
0-0: SINGLE (Groundball, 34D)
|
Batting: RHB Leonardo Salazar
|
0-0: Ball 1-0: SINGLE (Flyball, 7S) J.R. Nelson to second
|
Batting: RHB Jesús Bermúdez
|
0-0: 3-RUN HOME RUN (Flyball, 78XD), Distance : 440 ft
|
Pitching: RHP Richard Anthony
|
|
Batting: RHB Leo Snyder
|
0-0: Called Strike 0-1: Swinging Strike 0-2: Ball 1-2: Foul Ball, location: 2F 1-2: Ball 2-2: Ball 3-2: Base on Balls
|
Batting: RHB Dustin Márquez
|
0-0: Ball Leo Snyder steals 2nd base 1-0: Foul Ball, location: 2F 1-1: Ball 2-1: Ball 3-1: Called Strike 3-2: Base on Balls
|
Batting: LHB Mark Roberts
|
0-0: Ball 1-0: Foul Ball, location: 2F 1-1: Swinging Strike 1-2: Fly out, F8 (Flyball, 8LD)
|
Bottom of the 6th over - 3 runs, 3 hits, 0 errors, 2 left on base; Louisiana State 3 - Utah 6 |
TOP OF THE 7TH |
Louisiana State Tigers batting - Pitching for Utah Utes : RHP Stanley Benson
|
Batting: RHB Ethan Ramos
|
0-0: Called Strike 0-1: Ball 1-1: Ball 2-1: Foul Ball, location: 2F 2-2: Foul Ball, location: 2F 2-2: Strikes out swinging
|
Batting: RHB Fernando Rodríguez
|
0-0: Ball 1-0: Called Strike 1-1: Ball 2-1: Ground out 3-1 (Groundball, 34)
|
Batting: RHB Devin Taylor
|
0-0: Called Strike 0-1: Foul Ball, location: 2F 0-2: Strikes out swinging
|
Top of the 7th over - 0 runs, 0 hits, 0 errors, 0 left on base; Louisiana State 3 - Utah 6 |
BOTTOM OF THE 7TH |
Utah Utes batting - Pitching for Louisiana State Tigers : RHP Richard Anthony
|
Batting: RHB Walt Miller
|
0-0: Ball 1-0: Fly out, F9 (Flyball, 9S)
|
Batting: LHB Lorenzo Romo
|
0-0: Ball 1-0: Foul Ball, location: 2F 1-1: Foul Ball, location: 2F 1-2: Fly out, F6 (Popup, 6M)
|
Batting: RHB Will MacDonald
|
0-0: Called Strike 0-1: Ball 1-1: Ground out 4-3 (Groundball, 4M)
|
Bottom of the 7th over - 0 runs, 0 hits, 0 errors, 0 left on base; Louisiana State 3 - Utah 6 |
TOP OF THE 8TH |
Louisiana State Tigers batting - Pitching for Utah Utes : RHP Stanley Benson
|
Batting: LHB Jerry Flatt
|
0-0: Called Strike 0-1: Ball 1-1: Ball 2-1: Swinging Strike 2-2: Ball 3-2: Base on Balls
|
Pitching: LHP Broderick Elliott
|
|
Batting: LHB Enrique Carrillo
|
0-0: Ball 1-0: Ball Wild Pitch! Jerry Flatt to second 2-0: Ball 3-0: Called Strike 3-1: Called Strike 3-2: Strikes out swinging
|
Pitching: LHP Gary Kernaghan
|
|
Batting: RHB Jonathan Bennett
|
0-0: Called Strike 0-1: Swinging Strike 0-2: Strikes out swinging
|
Batting: LHB Rick Owens
|
0-0: Ball 1-0: Swinging Strike 1-1: Swinging Strike 1-2: Strikes out swinging
|
Top of the 8th over - 0 runs, 0 hits, 0 errors, 1 left on base; Louisiana State 3 - Utah 6 |
BOTTOM OF THE 8TH |
Utah Utes batting - Pitching for Louisiana State Tigers : RHP Richard Anthony
|
Batting: RHB J.R. Nelson
|
0-0: Ball 1-0: Foul Ball, location: 2F 1-1: Ball 2-1: Ball 3-1: SINGLE (Groundball, 6MD)
|
Batting: RHB Leonardo Salazar
|
0-0: Grounds into double play, 6-4-3 (Groundball, 6)
|
Batting: RHB Jesús Bermúdez
|
0-0: Ground out 6-3 (Groundball, 6)
|
Bottom of the 8th over - 0 runs, 1 hit, 0 errors, 0 left on base; Louisiana State 3 - Utah 6 |
TOP OF THE 9TH |
Louisiana State Tigers batting - Pitching for Utah Utes : LHP Gary Kernaghan
|
Batting: LHB Mark Potter
|
0-0: Called Strike 0-1: Foul Ball, location: 2F 0-2: Strikes out swinging
|
Batting: LHB José Soriano
|
0-0: Ball 1-0: Foul Ball, location: 2F 1-1: SOLO HOME RUN (Flyball, 89XD), Distance : 435 ft
|
Pitching: RHP Mike Dunn
|
|
Batting: RHB Ethan Ramos
|
0-0: Called Strike 0-1: Ground out 6-3 (Groundball, 6)
|
Batting: RHB Fernando Rodríguez
|
0-0: Ball 1-0: Foul Ball, location: 2F 1-1: Ball 2-1: Ball 3-1: Base on Balls
|
Batting: RHB Devin Taylor
|
0-0: Called Strike 0-1: DOUBLE (Flyball, 8RD) Fernando Rodríguez to third
|
Batting: LHB Jerry Flatt
|
0-0: 3-RUN HOME RUN (Flyball, 9LD), Distance : 353 ft
|
Pitching: RHP Ryan Lee
|
|
Batting: LHB Enrique Carrillo
|
0-0: Ball 1-0: Ball 2-0: Ball 3-0: Base on Balls
|
Batting: RHB Jonathan Bennett
|
0-0: Ball 1-0: Ball 2-0: Ball 3-0: SINGLE (Flyball, 89M) Enrique Carrillo to second Runner from 2nd tries for 3rd, SAFE, no throw
|
Batting: LHB Rick Owens
|
0-0: Swinging Strike 0-1: Called Strike 0-2: Ground out 4-3 (Groundball, 4)
|
Top of the 9th over - 4 runs, 4 hits, 0 errors, 2 left on base; Louisiana State 7 - Utah 6 |
BOTTOM OF THE 9TH |
Utah Utes batting - Pitching for Louisiana State Tigers : RHP Richard Anthony
|
Pitching: LHP Jesús Quintana
|
|
Batting: RHB Leo Snyder
|
0-0: Ball 1-0: Swinging Strike 1-1: Ball 2-1: Ball 3-1: Called Strike 3-2: Fly out, F6 (Line Drive, 6M)
|
Batting: RHB Dustin Márquez
|
0-0: Called Strike 0-1: Ball 1-1: Foul Ball, location: 2F 1-2: Foul Ball, location: 2F 1-2: Foul Ball, location: 2F 1-2: Foul Ball, location: 2F 1-2: Ball 2-2: Strikes out swinging
|
Batting: LHB Mark Roberts
|
0-0: Called Strike 0-1: Foul Ball, location: 2F 0-2: Ball 1-2: SINGLE (Line Drive, 78S)
|
Batting: RHB Walt Miller
|
0-0: Ground out U3 (Groundball, 3L)
|
Bottom of the 9th over - 0 runs, 1 hit, 0 errors, 1 left on base; Louisiana State 7 - Utah 6 |
|